AoeStats
← Křovák

Arabian Desert

509306829Analyzed
1v1 RM · 7d ago on Sep 26, 2026· 30m 7s· 2 players
Game mode
Random Map
Map size
Tiny (2 player)
Population
200
Speed
Normal
Resources
Standard
Victory
Conquest
Starting age
Dark Age
Ending age
Imperial Age
RankedLock teamsTeams togetherTeam positionsShared explorationLock speedFull tech treeHidden civsTurbo modeCheats
Victory
Defeat
🇨🇿 Ethiopians · Czechia
828
+14
🇦🇺 Britons · Australia
783
-35
Shwoo
4:10 Loom
12:59 Feudal Age
14:25 Gold Mining
14:30 Double-Bit Axe
16:20 Wheelbarrow
16:13 Horse Collar
16:30 Gold Mining
18:08 Fletching
18:47 Padded Archer Armor
22:00 Castle Age
24:36 Hand Cart
Křovák
9:03 Loom
11:08 Feudal Age
11:45 Double-Bit Axe
12:36 Horse Collar
17:29 Fletching
17:40 Padded Archer Armor
23:51 Castle Age
25:10 Bow Saw
25:04 Heavy Plow
30:21 Forging
Connection lost

Rejoining the realm…

Still unreachable

The connection could not be restored.

Session expired

The server has moved on; the page needs a fresh start.